 Dungeon Crawl Stone Soup version 0.16-a0-4083-g5af668b (console) character file.

758 mauris the Grasshopper (level 7, 0/41 HPs)
             Began as a High Elf Wizard on Feb 22, 2015.
             Was a Follower of Sif Muna.
             Shot with an arrow by a centaur (13 damage)
             ... on level 5 of the Dungeon.
             The game lasted 00:17:41 (8417 turns).

mauris the Grasshopper (High Elf Wizard)            Turns: 8417, Time: 00:17:41

Health: 0/41       AC:  3    Str:  6    XL:     7   Next: 50%
Magic:  5/19       EV: 12    Int: 24    God:    Sif Muna [*.....]
Gold:   44         SH:  0    Dex: 14    Spells: 5 memorised, 2 levels left

rFire  + . .     SeeInvis .     l - +1 long sword
rCold  . . .     Clarity  .     x - +1 robe {rF+}
rNeg   . . .     SustAb   .     (no shield)
rPois  .         Gourm    .     b - +0 hat
rElec  .         Spirit   .     (no cloak)
rCorr  .         Warding  .     (no gloves)
rMut   .         Stasis   .     (no boots)
MR     .....                    (no amulet)
Stlth  ++........               (no ring)
                                (no ring)

@: not resistant to hostile enchantments, unstealthy
A: no striking features
a: Channel Energy, Renounce Religion


You were on level 5 of the Dungeon.
You worshipped Sif Muna.
Sif Muna was aware of your devotion.
You were not hungry.

You visited 2 branches of the dungeon, and saw 7 of its levels.

You collected 260 gold pieces.
You spent 216 gold pieces at shops.

Inventory:

Hand weapons
 l - a +1 long sword (weapon)
Armour
 b - a +0 hat (worn)
 x - a +1 robe of fire resistance (worn)
Jewellery
 g - an uncursed amulet of regeneration
Scrolls
 h - a scroll of fear {unknown}
 i - a scroll of enchant weapon
 p - a scroll of remove curse {unknown}
 v - a scroll of random uselessness {unknown}
 w - 2 scrolls of identify {@r1}
Potions
 a - 2 potions of beneficial mutation {unknown}
 c - a potion of ambrosia {unknown}
 e - a potion of cure mutation {unknown}
 f - a potion of invisibility
 k - a potion of might
 m - 3 potions of curing {@q1}
 o - 3 potions of haste {@q3}
 q - a potion of berserk rage {unknown}
 r - a potion of heal wounds {@q2}
 s - a potion of lignification {unknown}
 t - a potion of poison {unknown}
 u - 2 potions of brilliance {unknown}
 z - a potion of restore abilities {unknown}
Comestibles
 d - 7 bread rations
 j - 4 meat rations


   Skills:
 - Level 2.1 Dodging
 - Level 2.1 Stealth
 - Level 3.6 Spellcasting
 + Level 4.8 Conjurations
 + Level 2.9 Charms
   Level 0.8 Summonings
 - Level 5.8 Translocations
 + Level 2.4 Fire Magic
 + Level 2.6 Air Magic


You had 2 spell levels left.
You knew the following spells:

 Your Spells              Type           Power        Failure   Level  Hunger
a - Magic Dart            Conj           ####         1%          1    None
b - Blink                 Tloc           N/A          1%          2    #......
c - Conjure Flame         Conj/Fire      ###.....     10%         3    ###....
d - Mephitic Cloud        Conj/Pois/Air  ###.....     14%         3    ###....
r - Repel Missiles        Chrm/Air       ###...       6%          2    #......


Dungeon Overview and Level Annotations

Branches:
Dungeon (6/15)             Temple (1/1) D:4

Altars:
Ashenzari
Cheibriados
Elyvilon
Fedhas
Gozag
Kikubaaqudgha
Makhleb
Nemelex Xobeh
Okawaru
Qazlal
Ru
Sif Muna
Trog
Vehumet
Xom
Yredelemnul
Zin
The Shining One

Shops:
D:4 }   D:5 *[[=

Annotations:
D:3 nht's ghost, average MiBe
D:5 Pikel
D:6 Gronka's ghost, experienced HuFi


Message History

Casting: Magic Dart
Confirm with . or Enter, or press ? or * to list all spells.
Aiming: Magic Dart
Press: ? - help, Shift-Dir - straight line, f/p - iguana
Aim: an iguana (almost dead)
The magic dart hits the iguana.
The iguana is almost dead.
The iguana completely misses you.
You closely miss the iguana.
The iguana is almost dead.
The iguana bites you! The iguana completely misses you.
Huge Dmg: -32%(-13hp) hp: 37%(15hp)
The centaur wields a shortbow.
The centaur shoots an arrow.
The arrow closely misses you.
The centaur shoots an arrow.
The arrow hits you.
You see here 2 arrows.
Huge Dmg: -14%(-6hp) hp: 30%(12hp)
The centaur shoots an arrow.
The arrow misses you.
There is a stone staircase leading up here.
The centaur shoots an arrow.
The arrow hits you!
You die...

####>.....................#.###.#
#......###...#.##..###..#.#.# #.#
.........#..............#...# #.#
.......#.#.....##...##..#.#.# #.#
................#...##......###.#
.........#..#...#...###.#........
#...............#....##.#######.#
.........#..#...#.(...........#.#
#..........(...le.[(.....######.#
#...........#...###.#.....#..##..
#......#.####...###.#.....#......
#.......(...c......s.............
#...##...###.#########.#.#.......
#...###8.###.# #...#.......
#....##..#..)#########...'.......
#....8.\.8.#.............#.......
#...###.c###############.##'#####


You could see a centaur and an iguana.

Vanquished Creatures
  2 sky beasts (D:5)
  A scorpion (D:4)
  2 hounds (D:4)
  3 orc priests
  3 orc wizards
  3 worker ants
  A hound skeleton (D:4)
  3 gnolls
  7 adders
  4 worms
  4 giant geckos
  12 orcs
  3 bat skeletons (D:5)
  5 hobgoblins
  7 jackals
  A quokka (D:3)
  3 ball pythons (D:2)
  7 bats
  6 giant cockroaches
  4 giant newts
  15 goblins
  10 kobolds
  17 rats
123 creatures vanquished.

Notes
Turn   | Place    | Note
--------------------------------------------------------------
     0 | D:1      | mauris, the High Elf Wizard, began the quest for the Orb.
     0 | D:1      | Reached XP level 1. HP: 11/11 MP: 5/5
   160 | D:1      | Huge Dmg: 4 Dmg
   185 | D:1      | Huge Dmg: 5 Dmg
   623 | D:1      | Reached XP level 2. HP: 17/17 MP: 5/7
   979 | D:2      | Learned a level 2 spell: Blink
  1186 | D:2      | Reached XP level 3. HP: 21/21 MP: 2/10
  1678 | D:2      | Found a sparkling altar of Nemelex Xobeh.
  1682 | D:2      | Reached XP level 4. HP: 27/27 MP: 9/13
  2380 | D:3      | Huge Dmg: 13 Dmg
  2385 | D:3      | Huge Dmg: 9 Dmg
  2387 | D:3      | Huge Dmg: 5 Dmg
  2399 | D:3      | Huge Dmg: 2 Dmg
  2663 | D:3      | Noticed nht's ghost (average MiBe)
  2740 | D:2      | Huge Dmg: 7 Dmg
  3161 | D:3      | Reached skill level 4 in Translocations
  4014 | D:3      | Huge Dmg: 7 Dmg
  4015 | D:3      | Huge Dmg: 10 Dmg
  4149 | D:3      | Huge Dmg: 5 Dmg
  4150 | D:3      | Huge Dmg: 6 Dmg
  4259 | D:2      | Reached XP level 5. HP: 20/31 MP: 7/14
  4751 | D:4      | Learned a level 3 spell: Conjure Flame
  4754 | D:4      | Learned a level 2 spell: Repel Missiles
  4758 | D:4      | Learned a level 3 spell: Mephitic Cloud
  4832 | D:4      | Found a staircase to the Ecumenical Temple.
  4924 | Temple   | Entered the Ecumenical Temple
  4976 | Temple   | Became a worshipper of Sif Muna the Loreminder
  5016 | D:4      | Reached skill level 5 in Translocations
  5019 | D:4      | Huge Dmg: 7 Dmg
  5028 | D:4      | Huge Dmg: 8 Dmg
  5170 | D:4      | Huge Dmg: 8 Dmg
  5172 | Temple   | Huge Dmg: 6 Dmg
  5220 | Temple   | Huge Dmg: 6 Dmg
  5420 | Temple   | Huge Dmg: 7 Dmg
  5508 | D:4      | Huge Dmg: 13 Dmg
  5509 | D:4      | Reached XP level 6. HP: 20/36 MP: 12/17
  5604 | D:4      | Found a stormy altar of Qazlal.
  5631 | D:4      | Found a radiant altar of Vehumet.
  5946 | D:4      | Reached skill level 1 in Fire Magic
  5946 | D:4      | Reached skill level 1 in Air Magic
  6014 | D:4      | Found a snail-covered altar of Cheibriados.
  6072 | D:4      | Found a bloodstained altar of Trog.
  6129 | D:4      | Reached skill level 1 in Charms
  6184 | D:4      | Found Pneasof's Gadget Shop.
  6379 | D:5      | Entered Level 5 of the Dungeon
  6398 | D:5      | Found Diequgg's Armour Shoppe.
  6403 | D:5      | Bought a +1 robe of fire resistance for 177 gold pieces
  6433 | D:5      | Found Ileasyt's Jewellery Emporium.
  6495 | D:5      | Found Juyhuef's Antique Armour Boutique.
  6580 | D:5      | Acquired Sif Muna's first power
  6580 | D:5      | Reached XP level 7. HP: 41/41 MP: 11/19
  6704 | D:5      | Found Enoem's General Store.
  6719 | D:5      | Huge Dmg: 10 Dmg
  6720 | D:5      | Huge Dmg: 8 Dmg
  6973 | D:4      | Huge Dmg: 5 Dmg
  7345 | D:5      | Bought a potion of curing for 39 gold pieces
  7367 | D:5      | Huge Dmg: 9 Dmg
  7396 | D:5      | Huge Dmg: 10 Dmg
  7884 | D:5      | Noticed Pikel
  8164 | D:6      | Noticed Gronka's ghost (experienced HuFi)
  8201 | D:6      | Huge Dmg: 17 Dmg
  8218 | D:6      | good rblinks
  8385 | D:5      | Huge Dmg: 9 Dmg
  8389 | D:5      | Huge Dmg: 13 Dmg
  8410 | D:5      | Huge Dmg: 6 Dmg
  8417 | D:5      | Shot with an arrow by a centaur

Action                   |  1- 3 |  4- 6 |  7- 9 || total
-------------------------+-------+-------+-------++-------
Melee: Unarmed           |    11 |     3 |       ||    14
       Long sword        |       |     4 |     2 ||     6
 Cast: Magic Dart        |    87 |   264 |   119 ||   470
       Blink             |       |    12 |    15 ||    27
       Mephitic Cloud    |       |     1 |     1 ||     2
       Conjure Flame     |       |       |     1 ||     1
  Use: Potion            |       |     2 |     1 ||     3
       Scroll            |       |     4 |     1 ||     5
  Eat: Chunk             |     2 |     5 |     3 ||    10
       Meat ration       |       |     2 |     1 ||     3

Vault maps used:
D:1:      dpeg_arrival_tiny_k, minmay_rat_gold_closets
D:2:      lemuel_round_altar, first_bread, minmay_fountain_box
D:4:      lightli_temple_of_fire, vehumet_crystals, lemuel_round_altar,
          nicolae_overflow_crystal_walls, temple_pool_b, serial_shops,
          shop_coins
D:5:      serial_shops, nicolae_shop_temple_entry_statues_fountains,
          nicolae_shop_statue_plus, nicolae_shop_statue_plus, shop,
          kennysheep_generic_room_4, uniq_pikel
Temple:   circular_temple_13
